[ AOE2 MATCH · #468090380 ]
Team RMBohemians vs Khitans
[ REPLAY ANALYSIS · EXTRACTED FROM THE RECORDED GAME ]
Feudal
11:37
Castle
17:33
Imperial
—
| APM avg | 12.5 |
| APM peak | 28 |
| eAPM avg | 8.6 |
| Villagers / military | 76 / 35 |
Focus
⚔️ 22.4% · 🌾 77.6%
Hussite Wagon ×26 · Militia ×7 · Skirmisher ×2
Feudal
10:57
Castle
20:58
Imperial
36:46
| APM avg | 23.3 |
| APM peak | 49 |
| eAPM avg | 13.6 |
| Villagers / military | 153 / 105 |
Focus
⚔️ 39.2% · 🌾 60.8%
Scout Cavalry ×75 · Fire Lancer ×21 · Unknown (1920) ×18 · Trebuchet (Packed) ×6 · Battering Ram ×3 · Unknown (1105) ×1
Feudal
10:50
Castle
26:45
Imperial
—
| APM avg | 17.9 |
| APM peak | 53 |
| eAPM avg | 13.7 |
| Villagers / military | 77 / 218 |
Focus
⚔️ 47.5% · 🌾 52.5%
Militia ×132 · Spearman ×86
Feudal
12:30
Castle
17:22
Imperial
43:31
| APM avg | 32.4 |
| APM peak | 81 |
| eAPM avg | 21.2 |
| Villagers / military | 167 / 88 |
Focus
⚔️ 19.5% · 🌾 80.5%
Eagle Scout ×42 · Spearman ×18 · Plumed Archer ×18 · Mangonel ×5 · Trebuchet (Packed) ×4 · Monk ×1
Feudal
9:29
Castle
24:50
Imperial
48:48
| APM avg | 59.7 |
| APM peak | 120 |
| eAPM avg | 34.6 |
| Villagers / military | 156 / 172 |
Focus
⚔️ 53.3% · 🌾 46.7%
Magyar Huszar ×68 · Scorpion ×43 · Knight ×22 · Scout Cavalry ×16 · Archer ×7 · Trebuchet (Packed) ×7
Feudal
—
Castle
—
Imperial
—
| APM avg | 25.4 |
| APM peak | 59 |
| eAPM avg | 14.9 |
| Villagers / military | 58 / 43 |
Focus
⚔️ 21.8% · 🌾 78.2%
Scout Cavalry ×16 · Spearman ×14 · Skirmisher ×11 · Militia ×2 · Trade Cart ×2
Match map
Initial resources + every placement click. Lines = walls · curves = elevation contours. ◆ gold · ⬟ stone · ● berries · ✦ relic · ◌ wall gap
Your base· Open — unwalled flank
ggg.03211's base· ✓ Closed at 20:58 · 1t walls · 2 gate(s)
eh's base· Open — unwalled flank
LunG's base· ✓ Closed at 17:22 · 46t walls · 4 gate(s)
I never give up's base· Open — 1t gap
REYJAGUAR4660's base· Open — 7t gap
Smoothed initial terrain · ◌ = detected wall gap · hover for details
Inputs per minute
— FatalDeadAG24 - - ggg.03211
Build order — FatalDeadAG24
First 150 of 177 actions detected
| 0:03 | Build | House |
| 0:04 | Build | House |
| 0:05 | Create | Villager (Male) |
| 0:05 | Create | Villager (Male) |
| 0:05 | Create | Villager (Male) |
| 0:21 | Research | Loom |
| 0:22 | Create | Villager (Male) |
| 0:55 | Research | Loom |
| 1:32 | Create | Villager (Male) |
| 2:21 | Create | Villager (Male) |
| 2:41 | Create | Villager (Male) |
| 3:04 | Create | Villager (Male) |
| 3:06 | Build | Mill |
| 3:32 | Create | Villager (Male) |
| 3:40 | Build | House |
| 3:44 | Create | Villager (Male) |
| 4:16 | Build | House |
| 4:22 | Create | Villager (Male) |
| 5:07 | Create | Villager (Male) |
| 5:32 | Create | Villager (Male) |
| 5:47 | Create | Villager (Male) |
| 6:03 | Create | Villager (Male) |
| 6:25 | Create | Villager (Male) |
| 6:48 | Create | Villager (Male) |
| 7:33 | Create | Villager (Male) |
| 7:44 | Create | Villager (Male) |
| 7:52 | Build | House |
| 8:19 | Create | Villager (Male) |
| 8:37 | Create | Villager (Male) |
| 8:58 | Build | Lumber Camp |
| 9:27 | Research | Feudal Age |
| 9:42 | Build | Palisade Wall |
| 9:46 | Build | Palisade Wall |
| 9:54 | Build | Palisade Wall |
| 11:29 | Create | Villager (Male) |
| 11:29 | Create | Villager (Male) |
| 11:37 | Age | Feudal Age |
| 12:07 | Build | Mining Camp |
| 12:20 | Build | Mining Camp |
| 12:26 | Create | Villager (Male) |
| 12:36 | Build | Market |
| 12:40 | Build | Blacksmith |
| 12:52 | Create | Villager (Male) |
| 13:18 | Build | Watch Tower |
| 13:26 | Create | Villager (Male) |
| 13:56 | Build | House |
| 13:58 | Build | House |
| 13:59 | Build | House |
| 14:03 | Create | Villager (Male) |
| 14:12 | Build | Farm |
| 14:13 | Build | Farm |
| 14:28 | Create | Villager (Male) |
| 14:32 | Build | Farm |
| 14:49 | Research | Castle Age |
| 14:53 | Build | Farm |
| 15:12 | Build | Farm |
| 15:33 | Build | Farm |
| 16:05 | Build | Stone Wall |
| 16:35 | Build | Barracks |
| 16:43 | Research | Town Watch |
| 16:56 | Build | Gate |
| 17:00 | Build | Gate |
| 17:13 | Research | Fletching |
| 17:33 | Age | Castle Age |
| 17:40 | Create | Villager (Male) |
| 17:40 | Create | Villager (Male) |
| 17:49 | Build | Archery Range |
| 17:53 | Build | Outpost |
| 18:06 | Create | Villager (Male) |
| 18:26 | Build | Outpost |
| 18:34 | Create | Villager (Male) |
| 18:42 | Build | Lumber Camp |
| 18:52 | Create | Skirmisher |
| 19:24 | Create | Militia |
| 19:35 | Build | Castle |
| 19:41 | Create | Skirmisher |
| 19:59 | Research | Man-at-Arms (upgrade) |
| 20:14 | Create | Villager (Male) |
| 20:14 | Create | Villager (Male) |
| 20:15 | Create | Villager (Male) |
| 20:15 | Create | Villager (Male) |
| 20:49 | Create | Villager (Male) |
| 21:01 | Build | Stone Wall |
| 21:13 | Build | Outpost |
| 21:15 | Build | Outpost |
| 21:22 | Create | Hussite Wagon |
| 21:22 | Create | Hussite Wagon |
| 21:53 | Create | Hussite Wagon |
| 21:53 | Create | Hussite Wagon |
| 21:58 | Create | Hussite Wagon |
| 22:05 | Create | Villager (Male) |
| 22:05 | Create | Villager (Male) |
| 22:05 | Create | Villager (Male) |
| 22:23 | Create | Hussite Wagon |
| 22:42 | Create | Hussite Wagon |
| 23:08 | Create | Hussite Wagon |
| 23:09 | Create | Hussite Wagon |
| 23:39 | Build | Outpost |
| 23:49 | Research | Wheelbarrow |
| 24:09 | Create | Hussite Wagon |
| 25:01 | Create | Hussite Wagon |
| 25:02 | Create | Hussite Wagon |
| 25:35 | Create | Hussite Wagon |
| 25:37 | Create | Villager (Male) |
| 25:37 | Create | Villager (Male) |
| 25:37 | Create | Villager (Male) |
| 25:38 | Create | Villager (Male) |
| 26:11 | Create | Hussite Wagon |
| 26:38 | Build | Gate |
| 27:10 | Create | Militia |
| 27:11 | Create | Militia |
| 27:11 | Create | Militia |
| 27:36 | Create | Hussite Wagon |
| 27:36 | Create | Hussite Wagon |
| 28:35 | Create | Hussite Wagon |
| 28:46 | Build | Farm |
| 29:09 | Build | Castle |
| 29:23 | Create | Hussite Wagon |
| 30:07 | Create | Militia |
| 30:07 | Create | Militia |
| 30:26 | Create | Militia |
| 30:38 | Create | Hussite Wagon |
| 30:38 | Create | Hussite Wagon |
| 31:29 | Create | Villager (Male) |
| 31:29 | Create | Villager (Male) |
| 32:17 | Create | Villager (Male) |
| 32:17 | Create | Villager (Male) |
| 32:17 | Create | Villager (Male) |
| 35:37 | Build | Outpost |
| 35:57 | Create | Villager (Male) |
| 35:58 | Create | Villager (Male) |
| 35:58 | Create | Villager (Male) |
| 35:58 | Create | Villager (Male) |
| 36:59 | Create | Villager (Male) |
| 36:59 | Create | Villager (Male) |
| 37:00 | Create | Villager (Male) |
| 37:25 | Build | Outpost |
| 37:28 | Create | Villager (Male) |
| 37:39 | Build | Stone Wall |
| 38:14 | Create | Villager (Male) |
| 38:35 | Create | Villager (Male) |
| 38:57 | Build | Stone Wall |
| 39:10 | Create | Villager (Male) |
| 39:11 | Create | Villager (Male) |
| 39:19 | Build | Farm |
| 39:19 | Build | Farm |
| 39:20 | Build | Farm |
| 40:03 | Create | Villager (Male) |
| 40:03 | Create | Villager (Male) |
| 40:44 | Build | Stone Wall |
Build order — ggg.03211
First 150 of 413 actions detected
| 0:09 | Build | House |
| 0:09 | Build | House |
| 0:11 | Build | House |
| 0:11 | Create | Villager (Male) |
| 0:11 | Create | Villager (Male) |
| 0:12 | Create | Villager (Male) |
| 0:12 | Create | Villager (Male) |
| 0:12 | Create | Villager (Male) |
| 1:38 | Create | Villager (Male) |
| 1:38 | Create | Villager (Male) |
| 2:15 | Create | Villager (Male) |
| 2:15 | Create | Villager (Male) |
| 2:15 | Create | Villager (Male) |
| 2:47 | Create | Villager (Male) |
| 2:48 | Create | Villager (Male) |
| 2:58 | Create | Villager (Male) |
| 2:58 | Create | Villager (Male) |
| 2:59 | Create | Villager (Male) |
| 3:08 | Create | Villager (Male) |
| 3:08 | Create | Villager (Male) |
| 3:08 | Create | Villager (Male) |
| 3:45 | Create | Villager (Male) |
| 3:45 | Create | Villager (Male) |
| 3:45 | Create | Villager (Male) |
| 4:04 | Build | Mill |
| 4:08 | Create | Villager (Male) |
| 4:08 | Create | Villager (Male) |
| 4:30 | Create | Villager (Male) |
| 4:30 | Create | Villager (Male) |
| 5:09 | Create | Villager (Male) |
| 5:10 | Create | Villager (Male) |
| 5:10 | Create | Villager (Male) |
| 5:10 | Create | Villager (Male) |
| 5:22 | Create | Villager (Male) |
| 5:22 | Create | Villager (Male) |
| 5:23 | Create | Villager (Male) |
| 5:56 | Create | Villager (Male) |
| 5:56 | Create | Villager (Male) |
| 6:06 | Create | Villager (Male) |
| 6:14 | Build | House |
| 6:18 | Build | Lumber Camp |
| 7:01 | Create | Villager (Male) |
| 7:21 | Create | Villager (Male) |
| 8:04 | Create | Villager (Male) |
| 8:47 | Research | Feudal Age |
| 9:25 | Build | House |
| 9:27 | Build | House |
| 9:28 | Build | House |
| 10:54 | Create | Villager (Male) |
| 10:54 | Create | Villager (Male) |
| 10:55 | Create | Villager (Male) |
| 10:57 | Age | Feudal Age |
| 10:59 | Research | Double-Bit Axe |
| 11:13 | Build | Barracks |
| 11:20 | Build | Barracks |
| 11:28 | Create | Villager (Male) |
| 11:47 | Create | Villager (Male) |
| 11:50 | Research | Tech 1014 |
| 12:18 | Build | House |
| 12:20 | Build | House |
| 12:22 | Build | House |
| 12:41 | Build | Blacksmith |
| 12:50 | Build | House |
| 12:51 | Build | House |
| 12:54 | Build | House |
| 12:57 | Create | Villager (Male) |
| 13:01 | Create | Villager (Male) |
| 13:02 | Create | Villager (Male) |
| 13:19 | Build | Lumber Camp |
| 13:24 | Create | Villager (Male) |
| 13:34 | Build | House |
| 13:43 | Build | Palisade Wall |
| 13:48 | Build | Palisade Gate |
| 14:09 | Build | Palisade Gate |
| 14:15 | Build | House |
| 14:17 | Build | House |
| 14:18 | Build | House |
| 14:19 | Create | Villager (Male) |
| 14:28 | Build | Pasture |
| 14:30 | Build | Pasture |
| 14:44 | Build | House |
| 14:47 | Build | House |
| 14:48 | Build | House |
| 14:50 | Build | House |
| 14:54 | Build | Market |
| 15:17 | Build | Barracks |
| 15:22 | Create | Villager (Male) |
| 15:22 | Create | Villager (Male) |
| 15:22 | Create | Villager (Male) |
| 15:36 | Build | Mining Camp |
| 15:39 | Create | Villager (Male) |
| 15:53 | Build | Pasture |
| 15:56 | Build | Pasture |
| 16:05 | Build | House |
| 16:06 | Build | House |
| 16:21 | Build | Barracks |
| 16:25 | Build | House |
| 16:46 | Build | Pasture |
| 17:04 | Create | Villager (Male) |
| 17:04 | Create | Villager (Male) |
| 17:12 | Build | Pasture |
| 17:27 | Build | House |
| 17:53 | Build | Pasture |
| 18:12 | Build | Pasture |
| 18:18 | Research | Castle Age |
| 18:41 | Research | Gold Mining |
| 19:18 | Research | Forging |
| 19:33 | Research | Scale Mail Armor |
| 20:07 | Build | House |
| 20:27 | Create | Villager (Male) |
| 20:27 | Create | Villager (Male) |
| 20:27 | Create | Villager (Male) |
| 20:58 | Age | Castle Age |
| 21:11 | Build | Siege Workshop |
| 21:20 | Create | Villager (Male) |
| 21:21 | Create | Villager (Male) |
| 21:25 | Create | Fire Lancer |
| 21:25 | Create | Fire Lancer |
| 21:25 | Create | Fire Lancer |
| 21:25 | Create | Fire Lancer |
| 21:25 | Create | Fire Lancer |
| 21:26 | Create | Fire Lancer |
| 21:26 | Create | Fire Lancer |
| 21:26 | Create | Fire Lancer |
| 21:30 | Research | Iron Casting |
| 21:31 | Research | Chain Mail Armor |
| 21:55 | Research | Bow Saw |
| 22:07 | Create | Fire Lancer |
| 22:16 | Build | Pasture |
| 22:29 | Create | Unit 1105 |
| 22:32 | Create | Battering Ram |
| 22:41 | Create | Fire Lancer |
| 22:41 | Create | Fire Lancer |
| 22:41 | Create | Fire Lancer |
| 23:02 | Create | Villager (Male) |
| 23:02 | Create | Villager (Male) |
| 23:02 | Create | Villager (Male) |
| 23:05 | Create | Villager (Male) |
| 23:49 | Create | Fire Lancer |
| 23:49 | Create | Fire Lancer |
| 23:50 | Create | Fire Lancer |
| 23:50 | Create | Fire Lancer |
| 24:26 | Create | Villager (Male) |
| 24:26 | Create | Villager (Male) |
| 24:26 | Create | Villager (Male) |
| 24:26 | Create | Villager (Male) |
| 24:38 | Build | Town Center |
| 24:44 | Create | Villager (Male) |
| 24:44 | Create | Villager (Male) |
| 24:46 | Research | Tech 1013 |
Build order — eh
First 150 of 397 actions detected
| 0:03 | Create | Villager (Male) |
| 0:03 | Create | Villager (Male) |
| 0:04 | Create | Villager (Male) |
| 0:04 | Create | Villager (Male) |
| 0:06 | Build | House |
| 0:07 | Build | House |
| 0:10 | Build | House |
| 1:43 | Create | Villager (Male) |
| 2:29 | Create | Villager (Male) |
| 2:35 | Create | Villager (Male) |
| 3:14 | Create | Villager (Male) |
| 3:39 | Create | Villager (Male) |
| 3:39 | Create | Villager (Male) |
| 4:40 | Create | Villager (Male) |
| 5:12 | Build | Mill |
| 5:23 | Create | Villager (Male) |
| 5:24 | Create | Villager (Male) |
| 5:25 | Create | Villager (Male) |
| 5:26 | Create | Villager (Male) |
| 5:26 | Create | Villager (Male) |
| 5:39 | Create | Villager (Male) |
| 5:39 | Create | Villager (Male) |
| 6:20 | Create | Villager (Male) |
| 6:21 | Create | Villager (Male) |
| 6:31 | Build | House |
| 6:37 | Build | Lumber Camp |
| 7:06 | Create | Villager (Male) |
| 7:06 | Create | Villager (Male) |
| 7:45 | Create | Villager (Male) |
| 7:45 | Create | Villager (Male) |
| 8:04 | Build | House |
| 8:40 | Research | Feudal Age |
| 9:09 | Build | Mill |
| 9:25 | Research | Loom |
| 10:50 | Age | Feudal Age |
| 10:51 | Research | Wheelbarrow |
| 11:07 | Research | Double-Bit Axe |
| 11:09 | Create | Villager (Male) |
| 11:10 | Create | Villager (Male) |
| 11:59 | Build | Barracks |
| 12:16 | Build | Blacksmith |
| 12:20 | Create | Villager (Male) |
| 12:20 | Create | Villager (Male) |
| 12:20 | Create | Villager (Male) |
| 12:39 | Build | Mining Camp |
| 12:47 | Build | House |
| 12:58 | Build | Market |
| 13:00 | Build | House |
| 13:05 | Create | Villager (Male) |
| 13:05 | Create | Villager (Male) |
| 13:05 | Create | Villager (Male) |
| 13:24 | Create | Spearman |
| 13:24 | Create | Spearman |
| 13:24 | Create | Spearman |
| 13:26 | Create | Spearman |
| 13:29 | Create | Villager (Male) |
| 13:29 | Create | Villager (Male) |
| 13:30 | Create | Villager (Male) |
| 13:30 | Create | Villager (Male) |
| 14:03 | Create | Villager (Male) |
| 14:03 | Create | Villager (Male) |
| 14:26 | Create | Spearman |
| 14:31 | Create | Villager (Male) |
| 14:31 | Create | Villager (Male) |
| 14:32 | Create | Villager (Male) |
| 15:03 | Build | House |
| 15:04 | Build | House |
| 15:06 | Build | House |
| 15:43 | Create | Spearman |
| 15:43 | Create | Spearman |
| 15:43 | Create | Spearman |
| 15:44 | Create | Spearman |
| 15:44 | Create | Spearman |
| 15:55 | Build | Barracks |
| 16:24 | Create | Villager (Male) |
| 17:01 | Create | Spearman |
| 17:01 | Create | Spearman |
| 17:02 | Create | Spearman |
| 18:38 | Research | Forging |
| 18:41 | Research | Scale Barding Armor |
| 18:44 | Research | Scale Mail Armor |
| 18:46 | Create | Villager (Male) |
| 18:47 | Create | Villager (Male) |
| 18:47 | Create | Villager (Male) |
| 18:47 | Create | Villager (Male) |
| 19:10 | Research | Horse Collar |
| 19:15 | Build | Farm |
| 19:19 | Build | Farm |
| 19:20 | Build | Farm |
| 19:31 | Create | Spearman |
| 19:31 | Create | Spearman |
| 19:32 | Create | Spearman |
| 19:32 | Create | Spearman |
| 20:06 | Build | Farm |
| 21:06 | Create | Villager (Male) |
| 21:07 | Create | Villager (Male) |
| 21:12 | Build | Farm |
| 21:16 | Build | Farm |
| 21:26 | Build | Farm |
| 21:34 | Build | Farm |
| 21:38 | Build | Farm |
| 21:39 | Build | Farm |
| 21:40 | Build | Farm |
| 21:43 | Build | Farm |
| 21:44 | Build | Farm |
| 21:49 | Build | Farm |
| 21:50 | Build | Farm |
| 21:55 | Build | Farm |
| 21:56 | Build | Farm |
| 21:58 | Build | Farm |
| 22:00 | Build | Farm |
| 22:05 | Create | Villager (Male) |
| 22:05 | Create | Villager (Male) |
| 22:36 | Build | Palisade Wall |
| 22:58 | Build | Farm |
| 23:14 | Build | Farm |
| 23:25 | Build | House |
| 23:26 | Build | House |
| 23:27 | Build | House |
| 24:05 | Research | Castle Age |
| 24:50 | Build | Palisade Gate |
| 25:26 | Build | Barracks |
| 25:28 | Build | Barracks |
| 26:09 | Build | Barracks |
| 26:14 | Research | Gold Mining |
| 26:16 | Research | Man-at-Arms (upgrade) |
| 26:45 | Age | Castle Age |
| 26:50 | Research | Squires |
| 26:51 | Research | Long Swordsman (upgrade) |
| 26:59 | Research | Long Swordsman (upgrade) |
| 27:46 | Build | Town Center |
| 27:51 | Build | Lumber Camp |
| 28:17 | Create | Militia |
| 28:17 | Create | Militia |
| 28:17 | Create | Militia |
| 28:17 | Create | Militia |
| 28:18 | Create | Militia |
| 28:18 | Create | Militia |
| 28:18 | Create | Militia |
| 28:18 | Create | Militia |
| 28:19 | Create | Militia |
| 28:19 | Create | Militia |
| 28:19 | Create | Militia |
| 28:19 | Create | Militia |
| 28:20 | Create | Militia |
| 28:20 | Create | Militia |
| 28:20 | Create | Militia |
| 28:20 | Create | Militia |
| 28:21 | Create | Militia |
| 28:21 | Create | Militia |
Build order — LunG
First 150 of 438 actions detected
| 0:03 | Research | Loom |
| 0:05 | Build | House |
| 0:13 | Create | Villager (Male) |
| 0:13 | Create | Villager (Male) |
| 0:14 | Create | Villager (Male) |
| 0:14 | Create | Villager (Male) |
| 0:30 | Build | House |
| 0:32 | Build | House |
| 1:30 | Build | Mill |
| 1:32 | Create | Villager (Male) |
| 1:32 | Create | Villager (Male) |
| 2:08 | Create | Villager (Male) |
| 2:08 | Create | Villager (Male) |
| 2:37 | Create | Villager (Male) |
| 2:37 | Create | Villager (Male) |
| 2:37 | Create | Villager (Male) |
| 2:50 | Create | Villager (Male) |
| 2:50 | Create | Villager (Male) |
| 3:20 | Create | Villager (Male) |
| 3:20 | Create | Villager (Male) |
| 3:38 | Create | Villager (Male) |
| 3:38 | Create | Villager (Male) |
| 3:56 | Create | Villager (Male) |
| 3:56 | Create | Villager (Male) |
| 3:57 | Create | Villager (Male) |
| 4:30 | Create | Villager (Male) |
| 4:30 | Create | Villager (Male) |
| 5:05 | Create | Villager (Male) |
| 5:05 | Create | Villager (Male) |
| 5:05 | Create | Villager (Male) |
| 5:06 | Create | Villager (Male) |
| 5:15 | Build | Lumber Camp |
| 5:34 | Create | Villager (Male) |
| 5:34 | Create | Villager (Male) |
| 6:02 | Build | House |
| 6:39 | Create | Villager (Male) |
| 6:39 | Create | Villager (Male) |
| 6:40 | Create | Villager (Male) |
| 6:40 | Create | Villager (Male) |
| 6:40 | Create | Villager (Male) |
| 6:44 | Build | House |
| 7:00 | Build | Palisade Wall |
| 7:11 | Build | Mill |
| 7:19 | Create | Villager (Male) |
| 7:34 | Build | Palisade Wall |
| 7:43 | Build | Palisade Gate |
| 7:58 | Create | Villager (Male) |
| 7:58 | Create | Villager (Male) |
| 8:07 | Build | Palisade Gate |
| 8:44 | Build | Farm |
| 8:48 | Build | Farm |
| 9:07 | Build | Palisade Wall |
| 9:29 | Build | Palisade Wall |
| 9:34 | Create | Villager (Male) |
| 9:49 | Build | Mining Camp |
| 10:20 | Research | Feudal Age |
| 10:27 | Create | Villager (Male) |
| 10:28 | Create | Villager (Male) |
| 10:44 | Build | Palisade Wall |
| 10:52 | Build | Palisade Wall |
| 10:59 | Build | Palisade Gate |
| 11:16 | Build | Mining Camp |
| 11:29 | Build | Palisade Wall |
| 12:05 | Build | Palisade Wall |
| 12:30 | Age | Feudal Age |
| 12:38 | Build | Market |
| 12:42 | Build | Blacksmith |
| 13:10 | Build | Farm |
| 13:11 | Build | Farm |
| 13:38 | Build | House |
| 13:40 | Build | House |
| 14:35 | Build | Farm |
| 14:36 | Build | Farm |
| 14:42 | Research | Castle Age |
| 15:00 | Build | Gate |
| 15:39 | Build | Stone Wall |
| 15:51 | Research | Horse Collar |
| 16:18 | Research | Double-Bit Axe |
| 16:19 | Create | Villager (Male) |
| 16:19 | Create | Villager (Male) |
| 17:14 | Create | Villager (Male) |
| 17:22 | Age | Castle Age |
| 17:27 | Build | Town Center |
| 17:37 | Research | Bow Saw |
| 17:54 | Build | Farm |
| 18:07 | Create | Villager (Male) |
| 18:18 | Build | Farm |
| 18:20 | Create | Villager (Male) |
| 18:36 | Create | Villager (Male) |
| 18:36 | Create | Villager (Male) |
| 18:46 | Create | Villager (Male) |
| 18:51 | Build | Farm |
| 19:02 | Create | Villager (Male) |
| 19:02 | Create | Villager (Male) |
| 19:07 | Build | Farm |
| 19:25 | Build | Farm |
| 19:26 | Build | Farm |
| 19:31 | Build | Farm |
| 19:32 | Create | Villager (Male) |
| 19:36 | Build | Farm |
| 19:37 | Create | Villager (Male) |
| 19:51 | Create | Villager (Male) |
| 20:03 | Create | Villager (Male) |
| 20:08 | Create | Villager (Male) |
| 20:11 | Build | Farm |
| 20:23 | Build | Castle |
| 20:28 | Create | Villager (Male) |
| 20:28 | Create | Villager (Male) |
| 20:41 | Create | Villager (Male) |
| 20:55 | Build | House |
| 20:57 | Build | House |
| 21:01 | Build | House |
| 21:11 | Create | Villager (Male) |
| 21:11 | Create | Villager (Male) |
| 21:34 | Build | Gate |
| 21:42 | Create | Villager (Male) |
| 21:43 | Create | Villager (Male) |
| 21:43 | Create | Villager (Male) |
| 21:52 | Create | Plumed Archer |
| 21:53 | Create | Plumed Archer |
| 21:53 | Create | Plumed Archer |
| 21:58 | Create | Villager (Male) |
| 22:14 | Build | Farm |
| 22:16 | Create | Plumed Archer |
| 22:19 | Build | Farm |
| 22:20 | Build | Farm |
| 22:21 | Build | Farm |
| 22:24 | Build | Farm |
| 22:33 | Build | Barracks |
| 22:35 | Research | Fletching |
| 22:35 | Research | Padded Archer Armor |
| 22:37 | Create | Plumed Archer |
| 22:37 | Create | Plumed Archer |
| 22:46 | Create | Plumed Archer |
| 22:46 | Create | Plumed Archer |
| 23:01 | Build | Farm |
| 23:06 | Create | Villager (Male) |
| 23:06 | Create | Villager (Male) |
| 23:11 | Create | Plumed Archer |
| 23:12 | Create | Plumed Archer |
| 23:17 | Create | Spearman |
| 23:18 | Create | Spearman |
| 23:32 | Create | Villager (Male) |
| 23:32 | Create | Villager (Male) |
| 23:50 | Create | Villager (Male) |
| 23:57 | Create | Plumed Archer |
| 23:57 | Create | Plumed Archer |
| 23:59 | Create | Villager (Male) |
| 24:00 | Create | Villager (Male) |
| 24:02 | Build | Farm |
Build order — I never give up
First 150 of 559 actions detected
| 0:02 | Create | Villager (Male) |
| 0:03 | Build | House |
| 0:04 | Build | House |
| 0:08 | Create | Villager (Male) |
| 0:08 | Create | Villager (Male) |
| 0:12 | Create | Villager (Male) |
| 1:25 | Create | Villager (Male) |
| 1:25 | Create | Villager (Male) |
| 1:25 | Create | Villager (Male) |
| 1:26 | Create | Villager (Male) |
| 1:54 | Build | Lumber Camp |
| 2:05 | Create | Villager (Male) |
| 2:05 | Create | Villager (Male) |
| 2:05 | Create | Villager (Male) |
| 2:05 | Create | Villager (Male) |
| 2:32 | Create | Villager (Male) |
| 2:39 | Create | Villager (Male) |
| 2:39 | Create | Villager (Male) |
| 2:40 | Create | Villager (Male) |
| 3:01 | Create | Villager (Male) |
| 3:32 | Build | House |
| 3:35 | Create | Villager (Male) |
| 3:35 | Create | Villager (Male) |
| 4:07 | Create | Villager (Male) |
| 4:15 | Build | Palisade Wall |
| 4:19 | Create | Villager (Male) |
| 4:20 | Create | Villager (Male) |
| 4:20 | Create | Villager (Male) |
| 5:05 | Create | Villager (Male) |
| 5:06 | Create | Villager (Male) |
| 5:06 | Create | Villager (Male) |
| 5:08 | Create | Villager (Male) |
| 5:09 | Create | Villager (Male) |
| 5:59 | Research | Loom |
| 6:00 | Research | Loom |
| 6:00 | Research | Loom |
| 6:11 | Build | Mill |
| 6:44 | Create | Villager (Male) |
| 6:47 | Build | House |
| 7:19 | Research | Feudal Age |
| 7:20 | Research | Feudal Age |
| 7:20 | Research | Feudal Age |
| 7:46 | Build | Palisade Wall |
| 7:47 | Build | Palisade Wall |
| 7:47 | Build | Palisade Wall |
| 8:17 | Build | Barracks |
| 8:32 | Create | Villager (Male) |
| 9:02 | Create | Villager (Male) |
| 9:29 | Age | Feudal Age |
| 9:32 | Build | Stable |
| 9:36 | Research | Double-Bit Axe |
| 9:36 | Research | Double-Bit Axe |
| 9:37 | Research | Double-Bit Axe |
| 9:50 | Build | Palisade Wall |
| 9:58 | Create | Villager (Male) |
| 10:10 | Build | House |
| 10:16 | Create | Scout Cavalry |
| 10:16 | Create | Scout Cavalry |
| 10:17 | Create | Scout Cavalry |
| 10:24 | Create | Villager (Male) |
| 10:39 | Build | Blacksmith |
| 11:03 | Create | Villager (Male) |
| 11:29 | Research | Scale Barding Armor |
| 11:30 | Research | Scale Barding Armor |
| 11:35 | Build | House |
| 11:36 | Build | Palisade Wall |
| 11:39 | Build | Palisade Wall |
| 11:40 | Build | Palisade Wall |
| 11:40 | Build | Palisade Wall |
| 11:42 | Create | Villager (Male) |
| 11:45 | Build | Farm |
| 11:46 | Build | Farm |
| 11:47 | Build | Farm |
| 11:48 | Build | Farm |
| 12:05 | Create | Scout Cavalry |
| 12:22 | Build | Mining Camp |
| 12:42 | Create | Villager (Male) |
| 12:49 | Build | Watch Tower |
| 13:01 | Build | Watch Tower |
| 13:09 | Create | Villager (Male) |
| 13:11 | Build | Farm |
| 13:18 | Research | Fletching |
| 13:18 | Research | Fletching |
| 13:22 | Create | Villager (Male) |
| 13:33 | Build | Palisade Wall |
| 13:34 | Build | Palisade Wall |
| 13:45 | Create | Scout Cavalry |
| 13:48 | Create | Villager (Male) |
| 13:52 | Build | House |
| 13:56 | Build | Palisade Wall |
| 14:00 | Create | Villager (Male) |
| 14:02 | Build | Farm |
| 14:15 | Create | Scout Cavalry |
| 14:18 | Create | Villager (Male) |
| 14:27 | Build | Palisade Wall |
| 14:29 | Build | Palisade Wall |
| 14:32 | Build | Watch Tower |
| 14:37 | Build | Palisade Wall |
| 14:37 | Build | Palisade Wall |
| 14:38 | Build | Palisade Wall |
| 14:47 | Build | Palisade Wall |
| 14:49 | Build | Palisade Wall |
| 14:52 | Build | Palisade Wall |
| 14:56 | Create | Villager (Male) |
| 14:56 | Create | Villager (Male) |
| 14:58 | Build | Farm |
| 14:59 | Build | Farm |
| 14:59 | Build | Farm |
| 14:59 | Build | Farm |
| 15:02 | Build | Farm |
| 15:02 | Build | Farm |
| 15:02 | Build | Farm |
| 15:08 | Build | House |
| 15:35 | Create | Villager (Male) |
| 15:38 | Build | Farm |
| 15:40 | Build | Palisade Wall |
| 15:50 | Build | Palisade Wall |
| 15:51 | Create | Scout Cavalry |
| 16:10 | Build | Archery Range |
| 16:14 | Create | Villager (Male) |
| 16:44 | Create | Villager (Male) |
| 16:46 | Create | Villager (Male) |
| 16:49 | Build | Mining Camp |
| 17:00 | Build | Watch Tower |
| 17:12 | Create | Skirmisher |
| 17:20 | Build | Watch Tower |
| 17:35 | Create | Villager (Male) |
| 17:40 | Create | Villager (Male) |
| 17:52 | Build | Palisade Wall |
| 18:13 | Build | Lumber Camp |
| 18:15 | Build | Farm |
| 18:16 | Build | Farm |
| 18:16 | Build | Farm |
| 18:20 | Build | Palisade Wall |
| 18:22 | Build | Farm |
| 18:23 | Build | Farm |
| 18:23 | Create | Villager (Male) |
| 18:51 | Create | Villager (Male) |
| 18:54 | Build | Farm |
| 19:03 | Create | Villager (Male) |
| 19:11 | Create | Archer |
| 19:14 | Build | Palisade Wall |
| 19:14 | Build | Palisade Wall |
| 19:19 | Build | Palisade Wall |
| 19:19 | Build | Palisade Wall |
| 19:20 | Build | Palisade Wall |
| 19:28 | Create | Villager (Male) |
| 19:30 | Build | Farm |
| 19:31 | Build | Farm |
| 19:51 | Research | Wheelbarrow |
Build order — REYJAGUAR4660
First 150 of 208 actions detected
| 0:03 | Create | Villager (Male) |
| 0:04 | Create | Villager (Male) |
| 0:04 | Create | Villager (Male) |
| 0:16 | Build | House |
| 0:17 | Build | House |
| 0:38 | Research | Loom |
| 0:42 | Create | Villager (Male) |
| 0:42 | Create | Villager (Male) |
| 0:42 | Create | Villager (Male) |
| 0:47 | Build | House |
| 2:06 | Create | Villager (Male) |
| 2:31 | Build | Mill |
| 2:49 | Create | Villager (Male) |
| 3:17 | Create | Villager (Male) |
| 3:43 | Create | Villager (Male) |
| 3:59 | Build | House |
| 4:01 | Build | House |
| 4:06 | Create | Villager (Male) |
| 4:15 | Build | Lumber Camp |
| 4:42 | Create | Villager (Male) |
| 4:58 | Create | Villager (Male) |
| 5:27 | Create | Villager (Male) |
| 5:46 | Create | Villager (Male) |
| 6:18 | Create | Villager (Male) |
| 6:26 | Create | Villager (Male) |
| 6:55 | Create | Villager (Male) |
| 6:56 | Create | Villager (Male) |
| 7:26 | Build | House |
| 7:29 | Build | House |
| 8:07 | Create | Villager (Male) |
| 8:19 | Build | Barracks |
| 8:35 | Create | Villager (Male) |
| 9:00 | Build | Palisade Wall |
| 9:07 | Build | Palisade Wall |
| 9:10 | Build | Palisade Wall |
| 9:20 | Research | Feudal Age |
| 9:41 | Build | Palisade Wall |
| 9:50 | Build | Palisade Wall |
| 10:17 | Build | Palisade Gate |
| 10:23 | Build | Palisade Wall |
| 10:38 | Create | Villager (Male) |
| 10:38 | Create | Villager (Male) |
| 10:38 | Create | Villager (Male) |
| 10:58 | Build | Palisade Wall |
| 11:11 | Build | Mining Camp |
| 11:38 | Build | Gate |
| 11:45 | Build | Stone Wall |
| 12:01 | Build | Stone Wall |
| 12:16 | Build | Gate |
| 12:26 | Build | Stone Wall |
| 12:44 | Build | Blacksmith |
| 13:01 | Research | Town Watch |
| 13:21 | Create | Spearman |
| 13:21 | Create | Spearman |
| 13:21 | Create | Spearman |
| 13:42 | Create | Spearman |
| 13:54 | Create | Spearman |
| 14:09 | Create | Spearman |
| 14:26 | Research | Scale Mail Armor |
| 14:37 | Build | Watch Tower |
| 15:08 | Research | Arson |
| 15:25 | Build | Gate |
| 16:01 | Build | Gate |
| 16:06 | Build | Stone Wall |
| 16:17 | Build | Farm |
| 16:18 | Build | Farm |
| 16:19 | Build | Farm |
| 16:56 | Build | Farm |
| 17:24 | Research | Double-Bit Axe |
| 17:51 | Build | Market |
| 18:04 | Build | Stone Wall |
| 18:11 | Create | Villager (Male) |
| 18:18 | Build | Gate |
| 18:42 | Build | Farm |
| 18:43 | Build | Farm |
| 18:55 | Build | Stone Wall |
| 19:06 | Build | Stone Wall |
| 19:16 | Create | Villager (Male) |
| 19:16 | Create | Villager (Male) |
| 19:22 | Research | Fletching |
| 19:23 | Research | Padded Archer Armor |
| 19:29 | Build | Stable |
| 19:45 | Build | Palisade Wall |
| 20:23 | Build | Farm |
| 20:25 | Build | Farm |
| 20:36 | Build | Farm |
| 20:47 | Research | Scale Barding Armor |
| 21:21 | Build | Stone Wall |
| 21:25 | Create | Villager (Male) |
| 21:33 | Create | Scout Cavalry |
| 21:33 | Create | Scout Cavalry |
| 21:33 | Create | Scout Cavalry |
| 22:06 | Create | Scout Cavalry |
| 22:14 | Create | Trade Cart |
| 22:45 | Create | Scout Cavalry |
| 23:14 | Build | Stone Wall |
| 23:27 | Research | Bloodlines |
| 23:31 | Create | Villager (Male) |
| 23:38 | Build | Farm |
| 23:39 | Build | Farm |
| 23:40 | Build | Farm |
| 23:42 | Build | Farm |
| 23:44 | Build | Farm |
| 23:51 | Build | House |
| 23:52 | Build | House |
| 23:53 | Build | House |
| 24:12 | Create | Scout Cavalry |
| 24:38 | Create | Villager (Male) |
| 24:38 | Create | Villager (Male) |
| 24:39 | Create | Villager (Male) |
| 24:39 | Create | Villager (Male) |
| 25:04 | Create | Scout Cavalry |
| 25:04 | Create | Scout Cavalry |
| 25:27 | Create | Militia |
| 25:27 | Create | Militia |
| 26:03 | Create | Spearman |
| 26:03 | Create | Spearman |
| 26:04 | Create | Spearman |
| 26:04 | Create | Spearman |
| 26:19 | Create | Villager (Male) |
| 26:20 | Create | Villager (Male) |
| 26:44 | Build | Mining Camp |
| 27:27 | Research | Wheelbarrow |
| 27:34 | Build | Farm |
| 27:56 | Build | Stone Wall |
| 28:14 | Create | Trade Cart |
| 28:47 | Build | Farm |
| 29:05 | Create | Scout Cavalry |
| 29:47 | Research | Horse Collar |
| 30:40 | Create | Scout Cavalry |
| 31:13 | Build | Mining Camp |
| 35:13 | Build | Town Center |
| 37:22 | Create | Villager (Male) |
| 37:23 | Create | Villager (Male) |
| 37:23 | Create | Villager (Male) |
| 37:23 | Create | Villager (Male) |
| 37:39 | Create | Villager (Male) |
| 38:38 | Build | Lumber Camp |
| 39:21 | Build | Farm |
| 39:39 | Build | Farm |
| 39:54 | Build | Farm |
| 39:59 | Build | Farm |
| 40:07 | Create | Villager (Male) |
| 40:07 | Create | Villager (Male) |
| 40:38 | Build | Farm |
| 40:41 | Build | Farm |
| 40:52 | Create | Villager (Male) |
| 40:57 | Build | Farm |
| 41:29 | Create | Villager (Male) |
| 41:47 | Build | Archery Range |
Match timeline
| 4:15 | I never give up · wall_segment Palisade Wall x5 |
| 7:00 | LunG · wall_segment Palisade Wall x8 |
| 7:34 | LunG · wall_segment Palisade Wall x6 |
| 7:46 | I never give up · wall_segment Palisade Wall x2 |
| 7:47 | I never give up · wall_segment Palisade Wall x1 |
| 7:47 | I never give up · wall_segment Palisade Wall x1 |
| 8:17 | I never give up · first_building Barracks |
| 8:19 | REYJAGUAR4660 · first_building Barracks |
| 9:00 | REYJAGUAR4660 · wall_segment Palisade Wall x8 |
| 9:07 | LunG · wall_segment Palisade Wall x6 |
| 9:07 | REYJAGUAR4660 · wall_segment Palisade Wall x5 |
| 9:10 | REYJAGUAR4660 · wall_segment Palisade Wall x6 |
| 9:29 | LunG · wall_segment Palisade Wall x7 |
| 9:29 | I never give up · age_up feudal |
| 9:32 | I never give up · first_building Stable |
| 9:41 | REYJAGUAR4660 · wall_segment Palisade Wall x6 |
| 9:42 | FatalDeadAG24 · wall_segment Palisade Wall x5 |
| 9:46 | FatalDeadAG24 · wall_segment Palisade Wall x9 |
| 9:50 | I never give up · wall_segment Palisade Wall x6 |
| 9:50 | REYJAGUAR4660 · wall_segment Palisade Wall x10 |
| 9:54 | FatalDeadAG24 · wall_segment Palisade Wall x14 |
| 10:23 | REYJAGUAR4660 · wall_segment Palisade Wall x5 |
| 10:44 | LunG · wall_segment Palisade Wall x3 |
| 10:50 | eh · age_up feudal |
| 10:52 | LunG · wall_segment Palisade Wall x6 |
| 10:57 | ggg.03211 · age_up feudal |
| 10:58 | REYJAGUAR4660 · wall_segment Palisade Wall x11 |
| 11:13 | ggg.03211 · first_building Barracks |
| 11:29 | LunG · wall_segment Palisade Wall x6 |
| 11:36 | I never give up · wall_segment Palisade Wall x3 |
| 11:37 | FatalDeadAG24 · age_up feudal |
| 11:39 | I never give up · wall_segment Palisade Wall x1 |
| 11:40 | I never give up · wall_segment Palisade Wall x1 |
| 11:40 | I never give up · wall_segment Palisade Wall x1 |
| 11:45 | REYJAGUAR4660 · wall_segment Stone Wall x1 |
| 11:59 | eh · first_building Barracks |
| 12:01 | REYJAGUAR4660 · wall_segment Stone Wall x13 |
| 12:05 | LunG · wall_segment Palisade Wall x3 |
| 12:26 | REYJAGUAR4660 · wall_segment Stone Wall x5 |
| 12:30 | LunG · age_up feudal |
| 13:33 | I never give up · wall_segment Palisade Wall x1 |
| 13:34 | I never give up · wall_segment Palisade Wall x1 |
| 13:43 | ggg.03211 · wall_segment Palisade Wall x1 |
| 13:56 | I never give up · wall_segment Palisade Wall x9 |
| 14:27 | I never give up · wall_segment Palisade Wall x1 |
| 14:29 | I never give up · wall_segment Palisade Wall x1 |
| 14:37 | I never give up · wall_segment Palisade Wall x1 |
| 14:37 | I never give up · wall_segment Palisade Wall x1 |
| 14:38 | I never give up · wall_segment Palisade Wall x1 |
| 14:47 | I never give up · wall_segment Palisade Wall x1 |
| 14:49 | I never give up · wall_segment Palisade Wall x1 |
| 14:52 | I never give up · wall_segment Palisade Wall x1 |
| 15:39 | LunG · wall_segment Stone Wall x1 |
| 15:40 | I never give up · wall_segment Palisade Wall x7 |
| 15:50 | I never give up · wall_segment Palisade Wall x9 |
| 16:05 | FatalDeadAG24 · wall_segment Stone Wall x26 |
| 16:06 | REYJAGUAR4660 · wall_segment Stone Wall x4 |
| 16:10 | I never give up · first_building Archery Range |
| 16:35 | FatalDeadAG24 · first_building Barracks |
| 17:22 | LunG · age_up castle |
| 17:33 | FatalDeadAG24 · age_up castle |
| 17:49 | FatalDeadAG24 · first_building Archery Range |
| 17:52 | I never give up · wall_segment Palisade Wall x1 |
| 18:04 | REYJAGUAR4660 · wall_segment Stone Wall x2 |
| 18:20 | I never give up · wall_segment Palisade Wall x8 |
| 18:55 | REYJAGUAR4660 · wall_segment Stone Wall x1 |
| 19:06 | REYJAGUAR4660 · wall_segment Stone Wall x3 |
| 19:14 | I never give up · wall_segment Palisade Wall x1 |
| 19:14 | I never give up · wall_segment Palisade Wall x1 |
| 19:19 | I never give up · wall_segment Palisade Wall x3 |
| 19:19 | REYJAGUAR4660 · first_market_buy 100 food |
| 19:19 | I never give up · wall_segment Palisade Wall x1 |
| 19:20 | I never give up · wall_segment Palisade Wall x1 |
| 19:29 | REYJAGUAR4660 · first_building Stable |
| 19:35 | FatalDeadAG24 · first_building Castle |
| 19:45 | REYJAGUAR4660 · wall_segment Palisade Wall x11 |
| 20:13 | FatalDeadAG24 · first_market_buy 100 food |
| 20:23 | LunG · first_building Castle |
| 20:58 | ggg.03211 · age_up castle |
| 21:01 | FatalDeadAG24 · wall_segment Stone Wall x19 |
| 21:04 | REYJAGUAR4660 · first_market_sell 100 food |
| 21:11 | ggg.03211 · first_building Siege Workshop |
| 21:21 | REYJAGUAR4660 · wall_segment Stone Wall x11 |
| 22:33 | LunG · first_building Barracks |
| 22:36 | eh · wall_segment Palisade Wall x18 |
| 23:04 | I never give up · wall_segment Palisade Wall x6 |
| 23:14 | REYJAGUAR4660 · wall_segment Stone Wall x16 |
| 24:00 | eh · first_market_buy 100 food |
| 24:50 | I never give up · age_up castle |
| 24:51 | LunG · first_building Siege Workshop |
| 24:59 | I never give up · first_building Castle |
| 25:30 | I never give up · wall_segment Palisade Wall x1 |
| 26:20 | I never give up · wall_segment Palisade Wall x3 |
| 26:45 | eh · age_up castle |
| 27:11 | I never give up · first_building Siege Workshop |
| 27:56 | REYJAGUAR4660 · wall_segment Stone Wall x6 |
| 30:19 | LunG · first_market_buy 100 food |
| 32:11 | ggg.03211 · first_building Monastery |
| 32:59 | ggg.03211 · first_building Stable |
| 35:54 | FatalDeadAG24 · first_market_sell 100 wood |
| 36:46 | ggg.03211 · age_up imperial |
| 37:39 | FatalDeadAG24 · wall_segment Stone Wall x14 |
| 37:56 | LunG · first_building Monastery |
| 38:57 | FatalDeadAG24 · wall_segment Stone Wall x8 |
| 39:46 | ggg.03211 · first_building Castle |
| 40:08 | I never give up · first_market_sell 100 wood |
| 40:44 | FatalDeadAG24 · wall_segment Stone Wall x8 |
| 41:23 | eh · first_building Castle |
| 41:47 | REYJAGUAR4660 · first_building Archery Range |
| 42:33 | eh · wall_segment Palisade Wall x23 |
| 42:34 | LunG · first_building Archery Range |
| 43:31 | LunG · age_up imperial |
| 44:09 | LunG · first_market_sell 100 wood |
| 44:59 | eh · first_market_sell 100 wood |
| 48:48 | I never give up · age_up imperial |
| 50:01 | I never give up · first_market_buy 100 wood |
| 50:26 | FatalDeadAG24 · resign |
[ AI ANALYSIS · 1 CREDIT ]
What really happened in this match?
Wolo.gg analyzes every decision: build order, eco, micro, common mistakes by bracket. Personalized analysis on WhatsApp or Discord in 30 seconds.
Civ guide
Bohemians
Map guide
Arabia
Perfil
FatalDeadAG24